Map: [ESL] Ghost River

Players

DisK

  • Race: Protoss Protoss
  • Spawn Location: 11:00

Future - Winner!

  • Race: Terran Terran
  • Spawn Location: 1:00

Event: ESL SC2 Masters 2024 Spring (Regional)

VOD

Have the link to the VOD?

Description

Time

  • Played on: April 12, 2024, 3:05 p.m.
  • Length: 17:53

All games in this series

Show
View Real Time Build Order
Export as new Build Order

DisK Protoss 

Build Orders: 1 Gate Expand, Blink Stalkers 

Get SALT Encoding   

  12  0:00  Probe  
  13  0:12  Probe  
  14  0:16  Pylon  
  14  0:24  Probe (Chrono Boost)  
  15  0:35  Gateway  
  15  0:36  Probe (Chrono Boost)  
  16  0:45  Probe (Chrono Boost)  
  16  0:46  Assimilator  
  17  0:51  Probe  
  18  1:03  Probe  
  19  1:15  Probe  
  20  1:22  Cybernetics Core  
  20  1:33  Nexus  
  20  1:39  Probe  
  21  1:43  Pylon  
  21  1:51  Probe  
  21  1:52  Assimilator  
  22  1:57  Adept (Chrono Boost)  
  23  2:04  Probe  
  23  2:05  Warp Gate  
  24  2:16  Probe  
  24  2:19  Adept (Chrono Boost)  
  27  2:29  Probe  
  28  2:30  Twilight Council  
  28  2:39  Shield Battery  
  28  2:41  Probe  
  29  2:46  Probe  
  30  2:54  Probe, Shield Battery  
  30  2:57  Stalker  
  33  2:59  Probe  
  33  3:01  Blink (Chrono Boost)  
  34  3:09  Probe  
  34  3:12  Probe  
  36  3:22  Gateway  
  36  3:24  Probe x2  
  38  3:31  Robotics Facility  
  38  3:36  Probe  
  39  3:41  Probe  
  39  3:43  Pylon  
  35  3:49  Probe  
  35  3:53  Stalker, Probe  
  37  4:02  Probe  
  37  4:06  Probe  
  37  4:14  Probe  
  37  4:16  Stalker  
  40  4:18  Probe  
  41  4:27  Pylon  
  41  4:28  Stalker  
  43  4:40  Stalker  
  43  4:42  Probe  
  43  4:45  Probe  
  47  4:48  Observer  
  48  4:54  Probe  
  48  4:57  Probe  
  49  5:04  Pylon  
  49  5:05  Stalker  
  50  5:15  Observer  
  50  5:16  Stalker  
  50  5:17  Probe x2 (Chrono Boost)  
  50  5:19  Assimilator  
  50  5:20  Assimilator  
  54  5:22  Pylon  
  55  5:28  Probe (Chrono Boost)  
  55  5:29  Probe (Chrono Boost)  
  55  5:30  Shield Battery  
  55  5:31  Observer  
  56  5:35  Probe (Chrono Boost)  
  56  5:36  Probe (Chrono Boost)  
  56  5:40  Immortal  
  62  5:45  Observer  
  64  5:51  Probe (Chrono Boost)  
  64  5:52  Pylon  
  64  5:53  Probe (Chrono Boost)  
  64  5:56  Probe (Chrono Boost)  
  64  6:01  Robotics Bay  
  64  6:04  Charge  
  65  6:05  Probe  
  65  6:11  Probe  
  67  6:16  Stalker x2  
  67  6:17  Probe  
  72  6:23  Probe  
  72  6:25  Pylon  
  73  6:30  Pylon  
  73  6:46  Colossus (Chrono Boost)  
  73  6:47  Stalker x2  
  73  6:48  Observer  
  76  7:08  Pylon  
  76  7:10  Nexus  
  76  7:12  Extended Thermal Lance  
  76  7:14  Zealot x2  
  80  7:24  Gateway  
  80  7:25  Forge  
  80  7:33  Shield Battery  
  60  8:01  Colossus (Chrono Boost)  
  60  8:04  Stalker x2  
  66  8:08  Gateway  
  66  8:09  Probe x2 (Chrono Boost)  
  66  8:12  Gateway x2  
  68  8:16  Protoss Ground Weapons Level 1 (Chrono Boost)  
  70  8:20  Zealot  
  70  8:21  Probe x2 (Chrono Boost)  
  70  8:25  Probe (Chrono Boost)  
  73  8:28  Stalker x2  
  73  8:29  Probe (Chrono Boost)  
  73  8:32  Probe (Chrono Boost)  
  79  8:35  Probe (Chrono Boost)  
  79  8:36  Probe (Chrono Boost)  
  79  8:39  Probe  
  82  8:47  Sentry  
  84  8:48  Colossus (Chrono Boost)  
  84  8:49  Probe  
  84  8:50  Pylon  
  90  9:03  Stalker x3  
  96  9:21  Zealot x3  
  100  9:25  Pylon  
  100  9:26  Pylon, Probe x3  
  100  9:30  Shield Battery  
  103  9:41  Pylon  
  103  9:43  Probe x2  
  111  9:47  Zealot  
  111  9:48  Sentry x2  
  117  9:53  Templar Archives  
  115  10:02  Disruptor  
  115  10:03  Protoss Ground Weapons Level 2 (Chrono Boost)  
  115  10:05  Zealot x3  
  115  10:06  Probe x2  
  121  10:08  Assimilator x2  
  121  10:09  Pylon  
  121  10:14  Pylon  
  121  10:17  Zealot  
  121  10:19  Zealot  
  125  10:22  Zealot  
  127  10:30  Pylon  
  127  10:36  Zealot x2  
  127  10:37  Gateway  
  127  10:38  Zealot  
  133  10:49  Zealot x3  
  135  10:56  Disruptor (Chrono Boost)  
  133  10:59  Zealot x3  
  143  11:04  Robotics Facility  
  141  11:16  Zealot  
  141  11:18  Stalker x2  
  147  11:21  Dark Shrine  
  147  11:25  Disruptor (Chrono Boost)  
  147  11:26  Stalker x3  
  154  11:46  Zealot  
  156  11:50  Pylon x2  
  154  11:57  Zealot x3  
  156  12:02  Pylon x2  
  156  12:05  Protoss Ground Armor Level 1 (Chrono Boost)  
  156  12:06  Disruptor (Chrono Boost)  
  156  12:08  Disruptor (Chrono Boost)  
  161  12:20  Stalker x5  
  169  12:30  Forge  
  167  12:39  Disruptor (Chrono Boost)  
  167  12:41  Disruptor (Chrono Boost)  
  167  12:44  Dark Templar x3  
  181  12:50  Photon Cannon  
  173  13:13  Zealot x3, Protoss Ground Weapons Level 3 (Chrono Boost)  
  173  13:14  Zealot  
  173  13:19  Zealot x3  
  181  13:24  Disruptor x2  
  189  13:28  Pylon  
  179  13:54  Zealot x7  
  193  14:01  Observer x2  
  195  14:10  Nexus  
  195  14:12  Nexus  
  195  14:15  Pylon  
  187  14:33  Protoss Ground Armor Level 2 (Chrono Boost)  
  187  14:35  Disruptor x2  
  194  14:41  Shadow Stride (Chrono Boost)  
  194  14:42  Stalker  
  194  14:44  Pylon  
  196  15:02  Nexus  
  194  15:11  Stalker x7  
  180  15:31  Pylon  
  175  15:51  Observer  
  175  15:55  Zealot x7  
  185  15:59  Nexus  
  177  16:26  Zealot x7  
  185  16:46  Zealot  
  185  16:47  Zealot x6  
  175  16:53  Pylon  
  157  17:12  Zealot x6  
  157  17:13  Zealot  
  101  17:50  Stalker x7  
Show
View Real Time Build Order
Export as new Build Order

Future Terran - Winner!

Build Orders: 1/1/1, Liberator Opening 

Get SALT Encoding   

  12  0:00  SCV  
  13  0:13  Supply Depot  
  13  0:17  SCV  
  14  0:29  SCV  
  15  0:35  Barracks  
  15  0:41  SCV  
  16  0:44  Refinery  
  16  0:53  SCV  
  16  0:55  Refinery  
  17  1:05  SCV  
  18  1:18  SCV  
  19  1:24  Reaper  
  20  1:30  Orbital Command  
  20  1:32  Supply Depot  
  20  1:43  Factory  
  20  1:55  SCV  
  20  1:57  Barracks Reactor  
  21  2:07  SCV  
  22  2:16  Supply Depot  
  22  2:19  SCV  
  23  2:29  Starport  
  23  2:31  SCV  
  24  2:38  Hellion  
  24  2:39  Hellion  
  24  2:40  Reaper  
  24  2:44  SCV  
  30  3:00  Hellion x2  
  30  3:05  Command Center  
  34  3:14  Viking  
  34  3:17  Barracks Tech Lab  
  36  3:22  Supply Depot  
  36  3:24  SCV  
  37  3:36  SCV  
  38  3:42  Marine  
  38  3:43  Marine  
  38  3:44  Siege Tank  
  43  3:48  SCV  
  42  3:56  Liberator  
  42  4:00  SCV  
  43  4:04  Marine x2  
  43  4:13  SCV  
  43  4:16  Siege Tank  
  44  4:18  Orbital Command  
  44  4:22  Marine x2  
  46  4:25  SCV  
  46  4:28  Supply Depot  
  47  4:37  SCV  
  48  4:39  Liberator  
  48  4:40  Marine x2  
  48  4:44  SCV  
  54  4:49  SCV  
  55  4:54  Siege Tank  
  55  4:56  SCV  
  55  4:58  Supply Depot  
  59  5:01  SCV  
  59  5:02  Marine x2  
  59  5:06  Barracks  
  60  5:09  SCV  
  60  5:13  SCV  
  62  5:20  Marine x2  
  61  5:22  Barracks  
  61  5:23  SCV  
  61  5:28  SCV, Supply Depot  
  63  5:35  SCV, Engineering Bay  
  63  5:36  Factory Tech Lab, Refinery  
  63  5:39  Marine  
  63  5:40  SCV, Marine  
  67  5:48  SCV  
  68  5:51  Starport Reactor, Supply Depot  
  68  5:52  SCV  
  69  6:00  SCV  
  69  6:01  Refinery  
  69  6:02  Factory Reactor, Marine x2  
  74  6:04  Stimpack, SCV, Marauder  
  74  6:08  Terran Infantry Weapons Level 1  
  75  6:18  Supply Depot  
  75  6:20  Marauder  
  75  6:21  Marine x2  
  75  6:23  Combat Shield  
  81  6:26  Marauder  
  81  6:39  Marine x2  
  83  6:40  Medivac  
  83  6:42  Marauder  
  83  6:45  Medivac  
  88  6:47  Marauder  
  82  7:03  Marauder  
  82  7:06  Widow Mine x2  
  87  7:08  Marauder  
  87  7:10  Medivac, Marine x2  
  87  7:13  SCV  
  87  7:14  SCV, Supply Depot  
  93  7:17  Supply Depot  
  93  7:21  Medivac  
  95  7:25  Marauder  
  95  7:28  Marine x2  
  95  7:29  Widow Mine  
  101  7:36  Widow Mine, Marauder  
  104  7:39  Supply Depot  
  104  7:40  Supply Depot  
  92  7:46  Marauder  
  79  7:52  Widow Mine  
  79  7:55  SCV  
  79  7:57  Widow Mine, Marauder  
  77  8:06  Marine x2  
  77  8:07  Marauder  
  77  8:08  Viking x2  
  83  8:14  Terran Infantry Armor Level 1  
  83  8:15  Command Center  
  83  8:19  Marauder  
  85  8:24  SCV x2  
  85  8:26  Barracks  
  87  8:28  Barracks  
  87  8:30  Marauder  
  89  8:36  SCV, Marine  
  89  8:37  SCV, Marine  
  89  8:40  Marauder  
  95  8:42  Viking x2  
  99  8:50  SCV x2  
  101  8:58  Marine  
  101  8:59  Marine  
  101  9:02  SCV x2  
  105  9:06  Ghost Academy  
  103  9:11  Marauder x2  
  103  9:14  SCV x2  
  103  9:16  Barracks Tech Lab, Barracks Reactor  
  109  9:20  Marine  
  109  9:21  Marine  
  109  9:25  Viking x2  
  109  9:29  Orbital Command  
  113  9:36  Ghost  
  113  9:38  Ghost  
  113  9:41  Ghost  
  113  9:43  Marine  
  113  9:44  Marine  
  119  9:48  Refinery  
  119  9:49  SCV, Refinery  
  119  9:50  SCV  
  119  9:51  Concussive Shells  
  121  9:55  Widow Mine x2  
  121  9:59  Supply Depot  
  125  10:03  Marine  
  125  10:04  Marine x3  
  125  10:06  Medivac x2  
  133  10:10  Marauder x2  
  137  10:14  Marauder  
  137  10:15  Supply Depot  
  137  10:18  Widow Mine x2  
  143  10:24  Armory, Engineering Bay  
  143  10:26  Supply Depot  
  143  10:29  Marine x4  
  143  10:32  SCV  
  143  10:33  SCV x2  
  150  10:38  Medivac x2  
  152  10:50  Marauder x2  
  152  10:51  Marine x2, Marauder  
  152  10:54  Supply Depot  
  158  11:01  Missile Turret  
  160  11:04  Widow Mine x2  
  160  11:07  Missile Turret  
  160  11:14  Terran Infantry Weapons Level 2  
  160  11:16  Command Center, Missile Turret, Terran Infantry Armor Level 2  
  160  11:17  Terran Ship Weapons Level 1  
  160  11:19  SCV x2  
  160  11:20  SCV  
  163  11:28  Marauder x2  
  163  11:32  Marauder  
  167  11:33  Marine x3  
  167  11:34  Marine  
  167  11:36  Medivac  
  167  11:38  Medivac  
  175  11:47  Widow Mine x2  
  179  11:52  Supply Depot  
  179  11:55  Supply Depot  
  177  12:03  Barracks, Marauder  
  177  12:05  Barracks  
  177  12:06  Barracks  
  179  12:13  Marauder  
  179  12:14  Marauder  
  183  12:17  Supply Depot  
  183  12:23  SCV x2  
  183  12:24  SCV  
  183  12:29  Missile Turret  
  186  12:32  Marine  
  186  12:33  Marine x2  
  186  12:35  Medivac x2  
  191  12:42  Ghost  
  191  12:43  Ghost x2  
  197  12:53  Barracks Tech Lab x3  
  197  13:04  Planetary Fortress  
  197  13:08  Sensor Tower, Command Center  
  190  13:22  Marauder x4  
  198  13:31  Command Center  
  188  13:46  Command Center  
  188  13:53  Terran Ship Weapons Level 2, Terran Infantry Weapons Level 3  
  188  13:54  Terran Infantry Armor Level 3  
  182  14:01  Viking x2  
  186  14:22  Command Center  
  182  14:39  Ghost  
  182  14:40  Ghost  
  182  14:42  Orbital Command  
  182  14:43  Orbital Command  
  186  14:53  Barracks  
  186  14:55  Barracks  
  186  14:58  Barracks  
  186  15:06  Missile Turret  
  183  15:08  Sensor Tower  
  183  15:11  Marine x2, Marauder x6  
  183  15:12  Viking x2  
  184  15:18  Widow Mine  
  184  15:19  Widow Mine  
  182  15:31  Starport  
  182  15:32  Fusion Core, Marauder x2  
  186  15:41  Marauder x3  
  192  15:42  Planetary Fortress  
  172  15:57  Barracks Tech Lab x3  
  172  15:59  Marauder x3, Viking x2  
  172  16:02  Marine, Marauder  
  172  16:03  Marine  
  186  16:17  Starport Reactor  
  186  16:20  Missile Turret, Advanced Ballistics  
  186  16:22  Command Center  
  186  16:23  Sensor Tower  
  173  16:45  Marine x2, Marauder x9  
  173  16:46  Marine x2  
  176  16:47  Widow Mine x2  
  178  16:54  Liberator  
  178  16:55  Liberator  
  182  17:03  Marine  
  182  17:06  Marauder, Marine x3  
  182  17:07  Marauder x2  
  170  17:09  Widow Mine x2  
  165  17:23  Marauder x2  
  165  17:26  Marauder x2  
  165  17:27  Marine  
  155  17:32  Marine x2  
  135  17:52  Command Center  
Tags
 
Add a new tag
Caveats
  • Supply blocks, unpowered buildings, or Contaminate may cause inaccurate times.
  • Supply counts are checked every 10 seconds.